 BcadrenCrawl: Boulder Brew version 0.03.2.1-32-g00f802a9a0 (webtiles) character file.

Game seed: 11670728401501076181, levelgen mode: deterministic

19398 esc the Crack Shot (level 12, -9/80 HPs) Centaur Noble. Began on Jan 21, 2021. Was a Believer of Hepliaklqana. Mangled by a meliai zombie (11 damage) ... while paralysed ... on level 7 of the Dungeon. The game lasted 00:26:46 (6120 turns).

esc the Crack Shot (Centaur Noble)                  Turns: 6120, Time: 00:26:46

Health: -9/80      AC: 34    Str: 14    XL:     12 ^: 10321
Magic:  13/13      EV:  1    Int:  9    God:    Hepliaklqana [2* [52]]
Gold:   437        SH:  0    Dex: 17    Spells: 13/13 levels left

rFire    . . .     Vision   .   d - +5 longbow (molten) {!a}
rCold    . . .     Gourm    .   (also wielding the above weapon)
rNeg     + + +     Faith    .   E - +0 acid dragon scales
rPois    ∞         Spirit   .   A - +1 hat
rElec    .         Reflect  .   u - +2 cloak {MR+}
rCorr    +         Harm     .   e - +0 pair of gloves {archery}
MR       +....                  (no barding)
Stlth    +.........             (no amulet)
HPRegen  0.36/turn              f - ring of protection
MPRegen  0.23/turn              (no ring)

@: petrified, very quick
A: large, reduced essence, hooves 3, deformed body, speed 2, tough skin 3
a: Recall Ancestor, Ancestor Identity, Renounce Religion


You were on level 7 of the Dungeon.
You worshipped Hepliaklqana.
Hepliaklqana was pleased with you.
You were not hungry.

You visited 2 branches of the dungeon, and saw 8 of its levels.
You also visited: Market.

You collected 407 gold pieces.
You spent 970 gold pieces at shops.

Inventory:

Weapons
 d - a +5 longbow of molten steel (weapon) {!a}
Armour
 e - a +0 pair of gloves of archery (worn)
 k - a +0 robe of softness
 n - a +0 ring mail of cold resistance
 u - a +2 cloak of magic resistance (worn)
 A - a +1 hat (worn)
 E - +0 acid dragon scales (worn)
Jewellery
 f - a ring of protection (left hand)
 m - a cursed ring of ice {(Curse: *Corrode)}
 q - a cursed ring of strength {(Curse: rC-)}
 B - a cursed ring of resist corrosion {(Curse: rF-)}
Wands
 o - a wand of polymorph (3)
 w - a wand of flame (2)
 y - a wand of clouds (6)
 D - a wand of scattershot (1)
 H - a wand of ensnaring (2)
 I - a wand of iceblast (1)
 J - a wand of enslavement (12)
Scrolls
 a - a scroll of holy word
 c - 4 scrolls of fear
 j - a scroll of teleportation
 r - 2 scrolls of fog
 t - a scroll of bless item
 F - a scroll of enchantment
Potions
 g - 3 potions of heal wounds
 h - 2 potions of agility
 i - 2 potions of ambrosia
 l - 6 potions of curing
 p - a potion of cancellation
 s - a potion of berserk rage
 v - a potion of invisibility
 x - 2 potions of haste
 C - a potion of resistance
 G - 2 potions of might
Comestibles
 b - 24 rations
 z - 7 chunks of flesh


   Skills:
 + Level 3.4 Fighting
 + Level 22.4 Bows
 + Level 2.3 Armour
 + Level 2.3 Dodging
 - Level 0.4 Stealth
 - Level 1.0 Spellcasting


You had 13 spell levels left.
You didn't know any spells.
Your spell library was empty.

Dungeon Overview and Level Annotations

Branches:
Dungeon (7/8)              Temple (1/1) D:4            Lair (0/6) D:5
    Orc (0/2) D:6
 Vaults: D:7

Altars:
Ashenzari
Cheibriados
Dithmenos
Elyvilon
Fedhas Madash
Hepliaklqana
Kikubaaqudgha
Makhleb
Nemelex Xobeh
Qazlal
Ru
Sif Muna
Trog
Uskayaw
Vehumet
Wu Jian
Xom
Yredelemnul
Zin
The Shining One

Shops:
D:2 %*(*[   D:5 ?   D:6 [

Annotations:
D:5 1 runed translucent door, Crazy Yiuf
D:6 1 runed translucent door, Lanoc's ghost, journeyman DrDs


Innate Abilities, Weirdness & Mutations

You have hooves in place of feet.
Armour fits poorly on your strangely shaped body.
You cover ground very quickly.
You have extremely tough skin. (AC +3)
Your life essence is reduced to manifest your ancestor. (-10% HP)


Message History

* * * LOW HITPOINT WARNING * * *
The meliai zombie hits you but does no damage. x2
The hornet stings you but does no damage.
The meliai zombie hits you but does no damage. x2
The hornet stings you but does no damage.
The meliai zombie hits you but does no damage. x2
The hornet stings you but does no damage.
The meliai zombie hits you but does no damage. x2
The hornet stings you (12)!
* * * LOW HITPOINT WARNING * * *
The meliai zombie hits you but does no damage.
The meliai zombie hits you (2).
* * * LOW HITPOINT WARNING * * *
The hornet stings you but does no damage.
The meliai zombie hits you but does no damage. x3
The meliai zombie hits you (2).
* * * LOW HITPOINT WARNING * * *
The hornet stings you but does no damage.
The meliai zombie hits you (11)!
You die...

###############
...............
...............
...............
.......†.......
.......@Z......
......†y.......
....†..........
...............
..........†....
............?..
...............
...............


You could see a hornet and a meliai zombie.

Vanquished Creatures
  Gastronok (D:5)
  Urug (D:5)
  Sonja (D:6)
  A two-headed ogre (D:6)
  A hydra (D:6)
  A centaur warrior (D:7)
  A deep elf mage (D:6)
  2 manticores
  2 molten gargoyles (D:4)
  Joseph (D:4)
  An ugly thing (D:6)
  Maurice (D:4)
  3 trolls
  A kobold demonologist (D:6)
  Psyche (D:4)
  3 wraiths
  2 cyclopes (D:6)
  2 dream sheep (D:6)
  7 flying skulls (D:4)
  Grinder (D:3)
  An acid dragon (D:6)
  13 yaks
  2 basilisks
  A slime creature (D:6)
  3 guardian mummies
  A hungry ghost (D:5)
  A soldier ant (D:6)
  2 phantoms (D:4)
  3 porcupines
  5 scorpions
  6 orc warriors
  3 ice beasts
  Duvessa (D:3)
  A swamp drake (D:6)
  2 sky beasts
  3 black bears (D:5)
  2 ogres
  2 wolves (D:5)
  2 crocodiles (D:5)
  4 big kobolds
  5 bullfrogs
  Dowan (D:3)
  A meliai zombie (D:6)
  3 centaurs
  A harpy skeleton (D:7)
  3 wights (D:5)
  A killer bee (D:6)
  2 quasits (D:6)
  A lava snake (D:4)
  A crimson imp (D:3)
  4 orc priests
  A hound (D:3)
  7 jellies
  7 orc wizards
  5 mummies (D:4)
  Terence (D:2)
  5 iguanas
  2 wyvern zombies (D:6)
  5 worker ants
  A wyvern skeleton (D:6)
  4 giant cockroaches
  4 bullfrog zombies
  A bullfrog skeleton (D:3)
  2 shadow imps (D:4)
  5 adders
  A gnoll (D:1)
  17 sewer rats (D:2)
  A white imp (D:3)
  5 cinder newts
  A giant cockroach zombie (D:4)
  A killer bee zombie (D:4)
  A worker ant zombie (D:4)
  2 oozes (D:2)
  2 dart slugs (D:1)
  5 leopard geckos
  21 orcs
  An adder zombie (D:4)
  4 ball pythons
  5 bats
  A cinder newt skeleton (D:2)
  5 goblins (D:1)
  2 hobgoblins (D:1)
  2 jackals (D:5)
  8 kobolds
  2 quokkas
  6 rats (D:1)
  A rat skeleton (D:2)
  A butterfly (D:6)
  3 withered plants (D:2)
263 creatures vanquished.

Vanquished Creatures (others)
  A troll (D:6)
  A wyvern zombie (D:6)
  A sewer rat (D:2)
  An ancestor (D:4)
  3 plants (D:5)
  164 withered plants (D:2)
171 creatures vanquished.

Grand Total: 434 creatures vanquished

Notes
Turn   | Place    | Note
-------+----------+-------------------------------------------
     0 | Start Ma | esc the Centaur Noble began the quest for the Orb.
     0 | Start Ma | Reached XP level 1. HP: 16/16 MP: 2/2
     0 | Start Ma | Found Wohael's Expert Tomes.
     4 | Start Ma | Found Tiraxzey's Auxillary Armour.
    18 | Start Ma | Found Leat's Mashing MeleeMart.
    47 | Start Ma | Bought a scroll of enchantment for 120 gold pieces
    58 | Start Ma | Bought a +0 longbow for 180 gold pieces
    64 | Start Ma | Bought a +0 pair of gloves of archery for 230 gold pieces
    74 | Start Ma | Bought an uncursed ring of protection for 440 gold pieces
    89 | D:1      | esc set off with the following items: a +0 robe, a ration,
                  | a +1 longbow, a +0 pair of gloves of archery, a ring of
                  | protection
   108 | D:1      | Reached skill level 1 in Bows
   133 | D:1      | Reached skill level 2 in Bows
   133 | D:1      | Reached XP level 2. HP: 23/23 MP: 3/3
   174 | D:1      | Reached skill level 3 in Bows
   177 | D:1      | Reached XP level 3. HP: 28/28 MP: 4/4
   180 | D:1      | Reached skill level 4 in Bows
   325 | D:1      | Reached XP level 4. HP: 35/35 MP: 5/5
   611 | D:1      | Reached skill level 5 in Bows
   777 | D:2      | Found Gaam's Armour Shoppe.
   792 | D:2      | Found Ufih's Antique Weapon Emporium.
   794 | D:2      | Found Qussenio's Mass Market.
   902 | D:2      | Noticed Terence
   904 | D:2      | Killed Terence
   940 | D:2      | Reached skill level 6 in Bows
   940 | D:2      | Reached XP level 5. HP: 40/40 MP: 6/6
   946 | D:2      | Reached skill level 7 in Bows
   980 | D:2      | Reached XP level 6. HP: 47/47 MP: 7/7
  1009 | D:2      | Reached skill level 8 in Bows
  1250 | D:2      | Reached skill level 9 in Bows
  1437 | D:2      | Found Dulote's Food Boutique.
  1776 | D:2      | Found Kecaku Suodu's General Store.
  1847 | D:2      | Reached XP level 7. HP: 52/52 MP: 8/8
  2218 | D:3      | Reached skill level 10 in Bows
  2319 | D:3      | Noticed Grinder
  2324 | D:3      | Killed Grinder
  2349 | D:3      | Noticed Duvessa
  2351 | D:3      | Noticed Dowan
  2352 | D:3      | Killed Duvessa
  2352 | D:3      | Reached skill level 11 in Bows
  2353 | D:3      | Killed Dowan
  2510 | D:3      | Found a shimmering altar of Xom.
  2510 | D:3      | Found a shimmering altar of Xom.
  2510 | D:3      | Found a shimmering altar of Xom.
  2511 | D:3      | Found a shimmering altar of Xom.
  2511 | D:3      | Found a shimmering altar of Xom.
  2511 | D:3      | Found a shimmering altar of Xom.
  2512 | D:3      | Found a shimmering altar of Xom.
  2524 | D:3      | Found an ancient bone altar of Kikubaaqudgha.
  2572 | D:3      | Reached XP level 8. HP: 59/59 MP: 9/9
  3099 | D:4      | Reached skill level 12 in Bows
  3104 | D:4      | Noticed a wraith
  3112 | D:4      | Killed a wraith
  3232 | D:4      | Reached skill level 13 in Bows
  3285 | D:4      | Found a staircase to the Ecumenical Temple.
  3290 | D:4      | Noticed Maurice
  3467 | D:4      | Killed Maurice
  3467 | D:4      | Reached skill level 14 in Bows
  3494 | Temple   | Entered the Ecumenical Temple
  3556 | Temple   | Became a worshipper of Hepliaklqana the Forgotten
  3604 | D:4      | Noticed Joseph
  3606 | D:4      | Killed Joseph
  3606 | D:4      | Reached XP level 9. HP: 57/57 MP: 10/10
  3641 | D:4      | Noticed Psyche
  3643 | D:4      | Killed Psyche
  3643 | D:4      | Reached skill level 15 in Bows
  3800 | D:4      | Noticed a molten gargoyle
  3803 | D:4      | Killed a molten gargoyle
  3811 | D:4      | Reached skill level 16 in Bows
  3860 | D:4      | Noticed a molten gargoyle
  3862 | D:4      | Reached skill level 17 in Bows
  3863 | D:4      | Killed a molten gargoyle
  3863 | D:4      | Reached XP level 10. HP: 52/63 MP: 11/11
  4051 | D:4      | Reached skill level 18 in Bows
  4199 | D:5      | Entered Level 5 of the Dungeon
  4220 | D:5      | Found a runed translucent door.
  4223 | D:5      | Noticed Crazy Yiuf
  4290 | D:5      | Reached skill level 19 in Bows
  4318 | D:5      | Identified the +6 heater shield of Demons {rPois Str+3
                  | Slay+5}
  4341 | D:5      | Found a staircase to the Lair.
  4414 | D:5      | Found a burning altar of Makhleb.
  4441 | D:5      | Found a sparkling altar of Nemelex Xobeh.
  4445 | D:5      | Reached * piety under Hepliaklqana
  4458 | D:5      | Noticed Urug
  4461 | D:5      | Killed Urug
  4461 | D:5      | Reached XP level 11. HP: 54/69 MP: 12/12
  4496 | D:5      | Reached skill level 20 in Bows
  4506 | D:5      | Found Meceyseu's Magic Scroll Shoppe.
  4512 | D:5      | Identified the cursed ring of the Madman {*Tele rF+ rC+
                  | Dex+3, (Curse: *Contam Fragile MR-)}
  4518 | D:5      | Noticed Gastronok
  4524 | D:5      | Killed Gastronok
  4610 | D:5      | Found an ornate altar of the Wu Jian Council.
  5018 | D:6      | Reached skill level 21 in Bows
  5180 | D:6      | Identified the cursed ring of Daodoczo {rN+ Int+8 +Vis
                  | Stlth-, (Curse: Fragile)}
  5213 | D:6      | Noticed Sonja
  5214 | D:6      | Killed Sonja
  5214 | D:6      | Reached skill level 22 in Bows
  5219 | D:6      | Noticed Lanoc's ghost (journeyman DrDs)
  5221 | D:6      | Found a runed translucent door.
  5449 | D:6      | Found Qawe's Armour Shop.
  5590 | D:6      | Reached XP level 12. HP: 75/75 MP: 13/13
  5636 | D:6      | Found a staircase to the Orcish Mines.
  5676 | D:6      | Reached skill level 1 in Armour
  5676 | D:6      | Reached skill level 1 in Dodging
  5745 | D:6      | Reached ** piety under Hepliaklqana
  5746 | D:6      | Remembered your ancestor Yayatum as a knight
  5962 | D:6      | Identified the +4 quarterstaff of Checks and Balances
                  | {vamp, rPois Dex+4}
  6118 | D:7      | HP: 3/80 [meliai zombie (2)]
  6120 | D:7      | Mangled by a meliai zombie

Levels and vault maps discovered:
D:1:      mushboom_english_gardens, layout_basic, kennysheep_generic_room_6
D:2:      layout_sewer, first_ration, serial_park, serial_park_square2,
          serial_park_tiny_pond, serial_shops, shop, nicolae_shop_crystal,
          nicolae_shop_crystal, kennysheep_mini, minmay_shop_mass, uniq_terence
D:3:      layout_basic, xom_redecorated, overflow_temple_1_default,
          serial_corexii_hall, chequers_hall_statues_corner_a,
          corexii_hall_statues_u, chequers_hall_statues_corner_a,
          corexii_hall_statues_t, uniq_duvessa, uniq_grinder
D:4:      ossuary_bcadren_due_volcanic, layout_basic,
          minmay_temple_entry_mini_moons, uniq_maurice, uniq_joseph, uniq_psyche
D:5:      boulder_indie, layout_cave_pools, overflow_temple_1_default,
          bloody_makhleb, lemuel_doored_altar, minmay_lair_entry_grove,
          serial_shops, shop, uniq_urug, uniq_crazy_yiuf_cottage, uniq_gastronok
D:6:      layout_roguey, erik_orc_1, serial_shops, nicolae_shop_stone,
          ebering_ghost_inner_flame, hangedman_ranch [blue_anna_fruit_fields],
          enter_ossuary_1, lemuel_flamethrower_hall, uniq_sonja
D:7:      layout_long_grid, david_vaults_2, kennysheep_cross_bottleneck
Temple:   eino_wide_crystal_templ

Skill      XL: |  1  2  3  4  5  6  7  8  9 10 11 12 |
---------------+-------------------------------------+-----
Bows           | 2 3 4 6 7 9 11 14 17 19 22 | 22.4
Armour         | 2 |  2.3
Dodging        | 2 |  2.3
Fighting       | 3 |  3.4
Stealth        | |  0.4
Spellcasting   | |  1.0

Action                   |  1- 3 |  4- 6 |  7- 9 | 10-12 || total
-------------------------+-------+-------+-------+-------++-------
 Fire: Longbow           |    43 |    86 |    77 |   241 ||   447
Invok: Recall Ancestor   |       |       |     1 |     1 ||     2
       Ancestor Life: Kn |       |       |       |     1 ||     1
  Use: Scroll            |     1 |     2 |     3 |       ||     6
       Potion            |       |       |       |     2 ||     2
  Eat: Ration            |       |     1 |     1 |       ||     2
       Chunk             |       |     1 |       |     3 ||     4
Armor: Robe              |     5 |    32 |    10 |     8 ||    55
       Acid dragon scale |       |       |       |    76 ||    76
Dodge: Dodged            |     1 |     1 |       |     5 ||     7
